 Dungeon Crawl Stone Soup version 0.24.0-123-gd5b16e6ec5 (webtiles) character file.

Game seed: 17432398812446805381, levelgen mode: deterministic

1669 Kobolds4U the Destroyer (level 8, -2/46 HPs)
             Began as a Deep Elf Conjurer on Dec 21, 2019.
             Was an Initiate of Ashenzari.
             Slain by an orc warrior
             ... wielding a +0 short sword
              (15 damage)
             ... on level 8 of the Dungeon.
             The game lasted 00:19:24 (8330 turns).

Kobolds4U the Destroyer (Deep Elf Conjurer)         Turns: 8330, Time: 00:19:25

Health: -2/46      AC:  5    Str:  7    XL:     8   Next: 69%
Magic:  19/19      EV: 13    Int: 25    God:    Ashenzari [......]
Gold:   68         SH:  0    Dex: 15    Spells: 9/19 levels left

rFire    . . .     SeeInvis .   l - +0 dagger
rCold    + . .     Gourm    .   (no shield)
rNeg     . . .     Faith    .   e - +2 robe {rC+}
rPois    .         Spirit   .   g - +0 helmet
rElec    .         Reflect  .   m - scarf {repulsion}
rCorr    .         Harm     .   (no gloves)
MR       +....                  (no boots)
Stlth    ++........             (no amulet)
HPRegen  0.15/turn              s - ring of protection from magic
MPRegen  0.16/turn              i - +4 ring of intelligence (curse)

@: repel missiles
A: no striking features
a: Curse Item, Renounce Religion


You were on level 8 of the Dungeon.
You worshipped Ashenzari.
Ashenzari was noncommittal.
You were near starving.

You visited 1 branch of the dungeon, and saw 8 of its levels.

You collected 284 gold pieces.
You spent 216 gold pieces at shops.

Inventory:

Hand Weapons
 l - a +0 dagger (weapon)
 r - a +0 short sword
 D - a +0 rapier
Missiles
 n - 15 boomerangs (quivered)
Armour
 e - a +2 robe of cold resistance (worn)
 g - a +0 helmet (worn)
 m - a scarf of repulsion (worn)
 v - a +0 cloak
Jewellery
 i - a cursed +4 ring of intelligence (right hand)
 s - a ring of protection from magic (left hand)
 C - an uncursed ring of protection from fire
Scrolls
 b - 2 scrolls of magic mapping
 h - 6 scrolls of identify
 q - 3 scrolls of noise {unknown}
 w - 3 scrolls of enchant armour {unknown}
 x - a scroll of random uselessness {unknown}
 y - a scroll of blinking
 z - a scroll of fog {unknown}
 A - a scroll of enchant weapon {unknown}
 B - 2 scrolls of teleportation
 E - a scroll of amnesia
Potions
 a - a potion of mutation {unknown}
 d - a potion of agility {unknown}
 f - 2 potions of brilliance {unknown}
 j - 3 potions of invisibility {unknown}
 k - a potion of degeneration {unknown}
 o - a potion of heal wounds {unknown}
 p - 4 potions of curing
 t - a potion of magic {unknown}
 u - 2 potions of might {unknown}
Comestibles
 c - 13 rations


   Skills:
 - Level 3.3 Fighting
 - Level 2.4 Dodging
 - Level 2.4 Stealth
 - Level 6.0 Spellcasting
 + Level 11.1 Conjurations


You had 9 spell levels left.
You knew the following spells:

 Your Spells              Type           Power        Failure   Level  Hunger
a - Magic Dart            Conj           ####         1%          1    None
b - Searing Ray           Conj           ######       1%          2    None
c - Dazzling Spray        Conj/Hex       #####.       2%          3    None
d - Force Lance           Conj/Tloc      #####...     8%          4    ###....

Your spell library contained the following spells:

 Spells                   Type           Power        Failure   Level  Hunger
 Iskenderun's Mystic Bla  Conj           ######..     1%          4    ###....
 Fulminant Prism          Conj/Hex       #####.....   8%          4    ###....


Dungeon Overview and Level Annotations

Branches:
Dungeon (8/15)             Temple (0/1) D:7
   Lair: D:8-11

Altars:
Ashenzari
Fedhas
Gozag
Hepliaklqana
Makhleb
Okawaru
Qazlal
Ru
Uskayaw
Vehumet
Xom
The Shining One

Shops:
D:5 [   D:6 *   D:7 %


Message History

You finish channeling your searing ray.
The centaur zombie barely misses you.
The centaur zombie hits you but does no damage.
You climb upwards.
There is a stone staircase leading down, spattered with blood here.
You start resting.
Magic restored.
You start resting.
You are near starving!
There is a stone staircase leading down, spattered with blood here.
You climb downwards.
The centaur zombie barely misses you.
The orc warrior hits you with a +0 short sword!
The centaur zombie hits you.
The orc hits you with a +2 hand axe of chopping.
The orc warrior hits you with a +0 short sword.
* * * LOW HITPOINT WARNING * * *
There is a stone staircase leading up, spattered with blood here.
The centaur zombie closely misses you. The orc barely misses you.
The centaur zombie closely misses you.
The orc warrior hits you with a +0 short sword!
You die...

#............
#...........#
#......o....
#.........##
###....).....
#.....รท)...#
#..:..o%...#..#
#.....Z@.......
........o######
.........#
........$#
.#########


You could see an orc warrior, an orc wizard (wandering), an orc and a centaur
zombie.

Vanquished Creatures
  Sigmund (D:3)
  3 sky beasts (D:7)
  3 ogres
  3 centaurs (D:7)
  A howler monkey (D:6)
  A crimson imp (D:6)
  4 hounds
  A quasit (D:7)
  A jelly (D:7)
  Crazy Yiuf (D:7)
  2 bullfrog skeletons (D:7)
  An iguana (D:5)
  2 orc wizards
  3 worker ants
  A hound skeleton (D:7)
  7 gnolls
  3 adders
  A shadow imp (D:7)
  4 oozes
  An adder zombie (D:5)
  2 adder skeletons
  2 worms
  4 dart slugs
  2 leopard geckos
  15 orcs
  9 bats
  5 giant cockroaches
  9 goblins
  3 hobgoblins
  6 jackals
  6 quokkas
  A ball python (D:7)
  3 frilled lizards
  A giant cockroach zombie (D:5)
  9 kobolds
  A leopard gecko zombie (D:5)
  2 quokka zombies
  8 rats
  A fungus (D:3)
133 creatures vanquished.

Notes
Turn   | Place    | Note
-------+----------+-------------------------------------------
     0 | D:1      | Kobolds4U the Deep Elf Conjurer began the quest for the
                  | Orb.
     0 | D:1      | Reached XP level 1. HP: 10/10 MP: 6/6
   364 | D:1      | Reached XP level 2. HP: 15/15 MP: 2/8
   368 | D:1      | Learned a level 2 spell: Searing Ray
   447 | D:1      | Reached skill level 5 in Conjurations
  1290 | D:2      | Reached XP level 3. HP: 19/19 MP: 7/9
  1522 | D:2      | Found a faded altar of an unknown god.
  2024 | D:2      | Reached skill level 6 in Conjurations
  2106 | D:3      | Noticed Sigmund
  2114 | D:3      | Killed Sigmund
  2114 | D:3      | Reached skill level 7 in Conjurations
  2114 | D:3      | Reached XP level 4. HP: 24/24 MP: 1/10
  2114 | D:3      | Reached XP level 5. HP: 28/28 MP: 1/11
  2199 | D:3      | Learned a level 3 spell: Dazzling Spray
  3063 | D:3      | Found a sacrificial altar of Ru.
  3121 | D:3      | Reached skill level 8 in Conjurations
  3288 | D:3      | Became a worshipper of Ru the Awakened
  3354 | D:4      | Reached XP level 6. HP: 29/32 MP: 4/12
  3849 | D:4      | Found a burning altar of Makhleb.
  3851 | D:4      | Found a glowing golden altar of the Shining One.
  3855 | D:4      | Found a shattered altar of Ashenzari.
  3855 | D:4      | Found a stormy altar of Qazlal.
  3855 | D:4      | Found a radiant altar of Vehumet.
  3855 | D:4      | Found an iron altar of Okawaru.
  3855 | D:4      | Found a hazy altar of Hepliaklqana.
  3856 | D:4      | Found a blossoming altar of Fedhas.
  3857 | D:4      | Found a sacrificial altar of Ru.
  3858 | D:4      | Found a shimmering altar of Xom.
  3859 | D:4      | Found an opulent altar of Gozag.
  3863 | D:4      | Fell from the grace of Ru
  3863 | D:4      | Became a worshipper of Ashenzari the Shackled
  4565 | D:5      | Entered Level 5 of the Dungeon
  4720 | D:4      | Reached skill level 9 in Conjurations
  4828 | D:4      | Reached XP level 7. HP: 36/36 MP: 2/13
  4911 | D:4      | Learned a level 4 spell: Force Lance
  5790 | D:5      | Found Fyro's Antique Armour Boutique.
  5869 | D:6      | Reached skill level 10 in Conjurations
  6327 | D:6      | Found Huide's Assorted Antiques.
  6363 | D:6      | Bought a small ivory ring for 135 gold pieces
  6363 | D:6      | Bought a scroll of remove curse for 81 gold pieces
  6568 | D:7      | Found Waginown's Food Emporium.
  6845 | D:7      | Found a runed translucent door.
  6846 | D:7      | Noticed Crazy Yiuf
  6862 | D:7      | Found a staircase to the Ecumenical Temple.
  6894 | D:7      | Reached skill level 5 in Spellcasting
  6894 | D:7      | Reached XP level 8. HP: 41/41 MP: 1/17
  7269 | D:7      | Reached skill level 1 in Fighting
  7591 | D:7      | Noticed a +0 hand axe
  7593 | D:7      | Noticed a -2 hand axe
  7598 | D:7      | Found a hide-covered altar of Uskayaw.
  7761 | D:7      | Killed Crazy Yiuf
  7761 | D:7      | Reached skill level 11 in Conjurations
  8330 | D:8      | Slain by an orc warrior

Levels and vault maps discovered:
D:1:      scummos_arrival_star, layout_basic
D:2:      layout_loops_cross, chequers_ecumenical_altar_simple_redux,
          serial_bayou_crossing
D:3:      layout_loops_ring, nicolae_ru_the_path_less_chosen, uniq_sigmund
D:4:      layout_gridville, minitemple
D:5:      layout_rooms, first_ration, serial_shops, kennysheep_little_box
D:6:      layout_rooms, serial_shops, shop_statue, grunt_ministairs_9,
          lemuel_flame_loot_1
D:7:      layout_rooms, dancing_weapons_uskayaw,
          minmay_temple_entry_sparse_star, serial_shops, shop,
          uniq_crazy_yiuf_cottage
D:8:      layout_rooms

Skill      XL: |  1  2  3  4  5  6  7  8 |
---------------+-------------------------+-----
Conjurations   | 5 7 8 9 10 11 | 11.1
Spellcasting   | 5 6 |  6.0
Fighting       | 3 |  3.3
Dodging        | |  2.4
Stealth        | |  2.4

Action                   |  1- 3 |  4- 6 |  7- 9 || total
-------------------------+-------+-------+-------++-------
Melee: Unarmed           |     3 |       |       ||     3
       Dagger            |       |    44 |    51 ||    95
 Cast: Magic Dart        |    64 |    71 |    99 ||   234
       Searing Ray       |     2 |     9 |    19 ||    30
       Dazzling Spray    |       |    12 |    15 ||    27
       Force Lance       |       |       |     3 ||     3
Invok: Curse Item        |       |       |     1 ||     1
  Use: Scroll            |     5 |     1 |     1 ||     7
 Stab: Sleeping          |     1 |     2 |       ||     3
       Invisible         |       |       |     1 ||     1
  Eat: Chunk             |     3 |     9 |    11 ||    23
Armor: Robe              |     3 |    14 |    33 ||    50
Dodge: Dodged            |     4 |    41 |    75 ||   120
       Deflected         |       |     1 |     4 ||     5
